 Dungeon Crawl Stone Soup version 0.21-a0-349-g0c35859 (webtiles) character file.

242 tidbits the Protected (level 6, -4/55 HPs)
             Began as a Gnoll Wanderer on Oct 8, 2017.
             Killed from afar by Ijyb (18 damage)
             ... with a wand of acid (?/15)
             ... on level 3 of the Dungeon.
             The game lasted 00:07:16 (922 turns).

tidbits the Protected (Gnoll Wanderer)               Turns: 922, Time: 00:07:17

Health: -4/55      AC: 11    Str: 19    XL:     6   Next: 9%
Magic:  8/8        EV:  7    Int: 17    God:
Gold:   78         SH: 14    Dex: 14    Spells: 8/8 levels left

rFire    . . .     SeeInvis .   a - +2 mace
rCold    . . .     Gourm    .   D - +0 large shield
rNeg     . . .     Faith    .   A - +0 ring mail of the Sturgeon {rPois Str+3}
rPois    +         Spirit   .   (no helmet)
rElec    .         Reflect  .   (no cloak)
rCorr    .         Harm     .   G - +0 pair of gloves
MR       .....                  F - +0 pair of boots (curse)
Stlth    +.........             (no amulet)
HPRegen  0.18/turn              (no ring)
MPRegen  0.11/turn              (no ring)

@: no status effects
A: distributed training, fangs 1, molten scales 1, clever 1, robust 1, strong
nose
a: no special abilities


You were on level 3 of the Dungeon.
You were not hungry.

You visited 1 branch of the dungeon, and saw 5 of its levels.

You collected 78 gold pieces.

Inventory:

Hand Weapons
 a - a +2 mace (weapon)
 b - a +0 hand axe
 m - a +0 dagger of freezing
   (You found it on level 1 of the Dungeon)
 w - a +0 long sword
 y - a +0 flail
Missiles
 r - 60 arrows
 z - 5 stones (quivered)
Armour
 g - a +0 hat
 q - a +0 buckler
 A - the +0 ring mail of the Sturgeon (worn) {rPois Str+3}
   (You found it on level 4 of the Dungeon)

   It affects your strength (+3).
   It protects you from poison.
 D - a +0 large shield (worn)
 F - a cursed +0 pair of boots (worn)
 G - a +0 pair of gloves (worn)
Wands
 f - a wand of polymorph (11/24)
 v - a wand of digging (17/24)
Scrolls
 c - a scroll of immolation {unknown}
 h - a scroll of fog
 j - a scroll of remove curse
 k - a scroll of fear {unknown}
 l - a scroll of teleportation
 o - a scroll of recharging {unknown}
 p - a scroll of amnesia {unknown}
Potions
 e - a potion of mutation {!q}
 i - a potion of ambrosia
 n - a potion of heal wounds
 u - a potion of cancellation {unknown}
Comestibles
 d - 4 bread rations
 s - 2 royal jellies
 t - 4 fruits
 x - a meat ration


   Skills:
 + Level 4.9 Fighting
 + Level 1.7 Short Blades
 + Level 1.7 Long Blades
 + Level 3.1 Axes
 + Level 3.1 Maces & Flails
 + Level 1.7 Polearms
 + Level 1.7 Staves
 + Level 1.7 Slings
 + Level 1.7 Bows
 + Level 1.7 Crossbows
 + Level 1.7 Throwing
 + Level 8.7 Armour
 + Level 1.7 Dodging
 + Level 1.7 Stealth
 + Level 4.9 Shields
 + Level 1.7 Unarmed Combat
 + Level 1.7 Spellcasting
 + Level 1.7 Conjurations
 + Level 1.7 Hexes
 + Level 1.7 Charms
 + Level 1.7 Summonings
 + Level 1.7 Necromancy
 + Level 1.7 Translocations
 + Level 1.7 Transmutations
 + Level 1.7 Fire Magic
 + Level 1.7 Ice Magic
 + Level 1.7 Air Magic
 + Level 1.7 Earth Magic
 + Level 1.7 Poison Magic
 + Level 1.7 Invocations
 + Level 1.7 Evocations


You had 8 spell levels left.
You didn't know any spells.

Dungeon Overview and Level Annotations

Branches:
Dungeon (5/15)
 Temple: D:4-7

Altars:
Elyvilon

Annotations:
D:3 Ijyb


Innate Abilities, Weirdness & Mutations

Your experience applies equally to all skills.
You have very sharp teeth.
Your uncanny sense of smell can sniff out nearby items.
You are partially covered in molten scales. (AC +2)
Your mind is acute. (Int +2)
You are robust. (+10% HP)


Message History

A giant cockroach comes into view.
The giant cockroach moves out of view.
Found a scroll labeled LIPHILONGE.
You see here a scroll of identify.
As you read the scroll of identify, it crumbles to dust.
h - a scroll of fog The iguana hisses angrily.
The giant cockroach bites you but does no damage.
You block the giant cockroach's attack.
You closely miss the giant cockroach.
You bite the giant cockroach, but do no damage.
The giant cockroach bites you but does no damage.
You block the giant cockroach's attack.
Your shield prevents you from hitting the giant cockroach.
You block the giant cockroach's attack.
The giant cockroach completely misses you.
You closely miss the giant cockroach. You block the giant cockroach's attack.
You closely miss the giant cockroach. You block the giant cockroach's attack.
The giant cockroach bites you but does no damage.
You hit the giant cockroach.
The giant cockroach is severely wounded.
You block the giant cockroach's attack.
You hit the giant cockroach but do no damage.
The giant cockroach is severely wounded.
You block the giant cockroach's attack. x2
You closely miss the giant cockroach.
The giant cockroach is severely wounded.
You block the giant cockroach's attack.
You hit the giant cockroach but do no damage.
The giant cockroach is severely wounded.
You block the giant cockroach's attack.
The giant cockroach bites you but does no damage.
You hit the giant cockroach but do no damage.
You bite the giant cockroach, but do no damage.
The giant cockroach is severely wounded.
The iguana hisses menacingly.
The giant cockroach closely misses you.
You hit the giant cockroach.
The giant cockroach is almost dead.
The giant cockroach barely misses you.
The giant cockroach bites you but does no damage.
You sock the giant cockroach!
You kill the giant cockroach!
You hit the iguana.
The iguana is lightly wounded.
You block the iguana's attack.
The iguana bites you but does no damage.
You closely miss the iguana.
The iguana is lightly wounded.
The iguana bites you.
* * * LOW HITPOINT WARNING * * *
You barely miss the iguana.
The iguana is lightly wounded.
You block the iguana's attack. x2
Your shield and ring mail of the Sturgeon prevent you from hitting the iguana.
The iguana is lightly wounded.
The iguana bites you.
* * * LOW HITPOINT WARNING * * *
All of the chunks of flesh in your inventory have rotted away.
You barely miss the iguana.
The iguana is lightly wounded.
The iguana completely misses you. The iguana closely misses you.
You hit the iguana.
The iguana is moderately wounded.
You are feeling hungry.
The iguana bites you but does no damage.
You hit the iguana.
The iguana is heavily wounded.
The iguana barely misses you.
You hit the iguana.
The iguana is severely wounded.
The iguana bites you but does no damage.
The iguana bites you.
* * * LOW HITPOINT WARNING * * *
You hit the iguana.
You kill the iguana!
You have reached level 6!
Your experience leads to an increase in your attributes!
Your base attributes are Str 15, Int 15, Dex 14.
Increase (S)trength, (I)ntelligence, or (D)exterity?
You feel stronger.
Unknown command.
You see here a giant cockroach corpse.
You butcher the giant cockroach corpse.
You see here 2 chunks of flesh.
Okay, then.
You see here 2 chunks of flesh.
Eat one of 2 chunks of flesh? (ye/n/q)
Okay, then.
Eat one of 2 chunks of flesh? (ye/n/q)
Okay, then.
Eat one of 2 chunks of flesh? (ye/n/q)
You eat one of the 2 chunks of flesh.
This raw flesh tastes terrible.
You see here a scroll labeled LIPHILONGE.
c - a scroll labeled LIPHILONGE
There is a stone staircase leading up here.
You climb upwards.
Ijyb shouts!
Ijyb zaps a wand.
The bolt of acid hits you!
You die...

#######
#.....# #
#..g..#.#.##
#...(.......
#...@.#
#.....#
#######


You could see Ijyb.

Vanquished Creatures
  A bullfrog skeleton (D:4)
  An orc wizard (D:4)
  A centaur skeleton (D:4)
  An iguana (D:4)
  2 worker ants (D:4)
  A worker ant zombie (D:5)
  2 adders (D:2)
  2 worms (D:4)
  A leopard gecko (D:4)
  3 orcs (D:4)
  A giant cockroach (D:4)
  7 goblins
  4 hobgoblins
  7 jackals (D:2)
  A quokka (D:2)
  2 ball pythons
  6 bats
  A frilled lizard (D:1)
  5 kobolds
  2 rats
51 creatures vanquished.

Notes
Turn   | Place    | Note
-------+----------+-------------------------------------------
     0 | D:1      | tidbits the Gnoll Wanderer began the quest for the Orb.
     0 | D:1      | tidbits set off with: a +2 mace, a +0 hand axe, a +0 ring mail, a bread ration
     0 | D:1      | Reached XP level 1. HP: 20/20 MP: 1/1
   139 | D:1      | Reached XP level 2. HP: 26/26 MP: 2/2
   391 | D:2      | Reached XP level 3. HP: 19/31 MP: 3/3
   422 | D:2      | Gained mutation: You are partially covered in molten scales. (AC +2) [potion of mutation]
   422 | D:2      | Gained mutation: Your mind is acute. (Int +2) [potion of mutation]
   422 | D:2      | Gained mutation: You are robust. (+10% HP) [potion of mutation]
   566 | D:4      | Reached skill level 1 in Short Blades
   566 | D:4      | Reached skill level 1 in Long Blades
   566 | D:4      | Reached skill level 1 in Polearms
   566 | D:4      | Reached skill level 1 in Staves
   566 | D:4      | Reached skill level 1 in Slings
   566 | D:4      | Reached skill level 1 in Bows
   566 | D:4      | Reached skill level 1 in Crossbows
   566 | D:4      | Reached skill level 1 in Throwing
   566 | D:4      | Reached skill level 1 in Dodging
   566 | D:4      | Reached skill level 1 in Stealth
   566 | D:4      | Reached skill level 1 in Unarmed Combat
   566 | D:4      | Reached skill level 1 in Spellcasting
   566 | D:4      | Reached skill level 1 in Conjurations
   566 | D:4      | Reached skill level 1 in Hexes
   566 | D:4      | Reached skill level 1 in Charms
   566 | D:4      | Reached skill level 1 in Summonings
   566 | D:4      | Reached skill level 1 in Necromancy
   566 | D:4      | Reached skill level 1 in Translocations
   566 | D:4      | Reached skill level 1 in Transmutations
   566 | D:4      | Reached skill level 1 in Fire Magic
   566 | D:4      | Reached skill level 1 in Ice Magic
   566 | D:4      | Reached skill level 1 in Air Magic
   566 | D:4      | Reached skill level 1 in Earth Magic
   566 | D:4      | Reached skill level 1 in Poison Magic
   566 | D:4      | Reached skill level 1 in Invocations
   566 | D:4      | Reached skill level 1 in Evocations
   600 | D:4      | Reached XP level 4. HP: 41/41 MP: 5/5
   643 | D:4      | Got a translucent ring mail
   655 | D:4      | Identified the +0 ring mail of the Sturgeon {rPois Str+3} (You found it on level 4 of the Dungeon)
   695 | D:4      | Reached XP level 5. HP: 30/47 MP: 6/6
   785 | D:4      | Reached skill level 3 in Axes
   785 | D:4      | Reached skill level 3 in Maces & Flails
   803 | D:4      | Found a white marble altar of Elyvilon.
   828 | D:5      | Entered Level 5 of the Dungeon
   903 | D:4      | Reached XP level 6. HP: 11/55 MP: 8/8
   922 | D:3      | Noticed Ijyb
   922 | D:3      | Killed from afar by Ijyb

Vault maps used:
D:1:      dpeg_arrival_shrine, serial_glass, glass_columns_b, glass_columns_b
D:3:      grunt_ministairs_15, minmay_item_behind_shaft, minmay_ruptured,
          uniq_ijyb
D:4:      kennysheep_ying_yang, first_bread, minmay_goblin_outpost
D:5:      minmay_hollow_rounded_squares

Skill      XL: |  1  2  3  4  5 |
---------------+----------------+-----
Short Blades   | 1 |  1.7
Long Blades    | 1 |  1.7
Polearms       | 1 |  1.7
Staves         | 1 |  1.7
Slings         | 1 |  1.7
Bows           | 1 |  1.7
Crossbows      | 1 |  1.7
Throwing       | 1 |  1.7
Dodging        | 1 |  1.7
Stealth        | 1 |  1.7
Unarmed Combat | 1 |  1.7
Spellcasting   | 1 |  1.7
Conjurations   | 1 |  1.7
Hexes          | 1 |  1.7
Charms         | 1 |  1.7
Summonings     | 1 |  1.7
Necromancy     | 1 |  1.7
Translocations | 1 |  1.7
Transmutations | 1 |  1.7
Fire Magic     | 1 |  1.7
Ice Magic      | 1 |  1.7
Air Magic      | 1 |  1.7
Earth Magic    | 1 |  1.7
Poison Magic   | 1 |  1.7
Invocations    | 1 |  1.7
Evocations     | 1 |  1.7
Axes           | 3 |  3.1
Maces & Flails | 3 |  3.1
Fighting       | |  4.9
Armour         | |  8.7
Shields        | |  4.9

Action                   |  1- 3 |  4- 6 || total
-------------------------+-------+-------++-------
Melee: Mace              |    81 |    84 ||   165
       Bite              |     3 |    10 ||    13
  Use: Scroll            |     6 |     3 ||     9
       Potion            |     1 |     1 ||     2
  Eat: Chunk             |       |     1 ||     1
Armor: Ring mail         |     4 |    31 ||    35
       Scale mail        |    32 |     4 ||    36
Dodge: Dodged            |    16 |    24 ||    40
Block: Large shield      |    55 |    74 ||   129

Table legend:
 A = Spawn XP
 B = Non-spawn XP
 C = Spawn XP percentage of total XP
 D = Spawn monster count
 E = Non-spawn monster count
 F = Spawn count percentage of total count
 G = Total turns spent on level
                    A         B        C        D         E        F      G
               +---------+---------+-------+---------+---------+-------+---------
         Total |       0 |     346 |   0.0 |       0 |      51 |   0.0 |   922
               +---------+---------+-------+---------+---------+-------+---------
           D:1 |       0 |      18 |   0.0 |       0 |      12 |   0.0 |   278
           D:2 |       0 |      55 |   0.0 |       0 |      19 |   0.0 |   248
           D:3 |       0 |       1 |   0.0 |       0 |       1 |   0.0 |    18
           D:4 |       0 |     255 |   0.0 |       0 |      18 |   0.0 |   356
           D:5 |       0 |      17 |   0.0 |       0 |       1 |   0.0 |    22
               +---------+---------+-------+---------+---------+-------+---------

Table legend:
 A = Turns spent in this place as a percentage of turns spent in the entire game.
 B = Non-inter-level travel turns spent in this place as a percentage of non-inter-level travel turns spent in the entire game.
 C = Inter-level travel turns spent in this place as a percentage of turns spent in this place.
 D = Turns resting spent in this place as a percentage of non-inter-level travel turns spent in this place.
 E = Turns spent auto-exploring this place as a percentage of non-inter-level travel turns spent in this place.
 F = Non-inter-level travel turns spent in this place divided by the number of levels of this place that you've seen.
                   A       B       C       D       E      F
               +-------+-------+-------+-------+-------+----------------------
         Total | 100.0 | 100.0 |   0.0 |   0.0 |   0.0 | 184.4
       Dungeon | 100.0 | 100.0 |   0.0 |   0.0 |   0.0 | 184.4
               +-------+-------+-------+-------+-------+----------------------

Table legend:
 A = Kills in this place as a percentage of kills in entire the game.
 B = Kills by you in this place as a percentage of kills by you in the entire game.
 C = Kills by friends in this place as a percentage of kills by friends in the entire game.
 D = Other kills in this place as a percentage of other kills in the entire game.
 E = Experience gained in this place as a percentage of experience gained in the entire game.
 F = Experience gained in this place divided by the number of levels of this place that you have seen.
                   A       B       C       D       E      F
               +-------+-------+-------+-------+-------+----------------------
         Total | 100.0 | 100.0 |   N/A |   N/A | 100.0 |  69.2
       Dungeon | 100.0 | 100.0 |   N/A |   N/A | 100.0 |  69.2
               +-------+-------+-------+-------+-------+----------------------

Vault maps used:
D:1:      dpeg_arrival_shrine, serial_glass, glass_columns_b, glass_columns_b
D:3:      grunt_ministairs_15, minmay_item_behind_shaft, minmay_ruptured,
          uniq_ijyb
D:4:      kennysheep_ying_yang, first_bread, minmay_goblin_outpost
D:5:      minmay_hollow_rounded_squares
